 Dungeon Crawl Stone Soup version 0.26-a0-844-g3dd439832f (webtiles) character file.

Game seed: 880778451290895227

2 DocClef the Covert (level 1, -4/23 HPs)
             Began as a Gnoll Delver on Nov 18, 2020.
             Slain by a worker ant (6 damage)
             ... on level 5 of the Dungeon.
             The game lasted 00:00:11 (65 turns).

DocClef the Covert (Gnoll Delver)                     Turns: 65, Time: 00:00:12

Health: -4/23      AC:  3    Str: 14    XL:     1   Next: 30%
Magic:  1/1        EV: 14    Int: 12    God:
Gold:   0          SH:  0    Dex: 16    Spells: 0/0 levels left

rFire    . . .     SeeInvis .   h - +0 dagger
rCold    . . .     Faith    .   (no shield)
rNeg     . . .     Spirit   .   b - +0 leather armour
rPois    .         Reflect  .   (no helmet)
rElec    .         Harm     .   (no cloak)
rCorr    .         Rampage  .   (no gloves)
MR       .....                  (no boots)
Stlth    ++++......             (no amulet)
HPRegen  0.07/turn              (no ring)
MPRegen  0.07/turn              (no ring)

@: lethally poisoned (-4 -> -15)
A: distributed training, fangs 1, strong nose
a: no special abilities


You were on level 5 of the Dungeon.
You visited 1 branch of the dungeon, and saw 1 of its levels.

Inventory:

Hand Weapons
 a - a +0 short sword
 h - a +0 dagger (weapon)
Armour
 b - a +0 leather armour (worn)
Wands
 g - a wand of digging (3)
Scrolls
 c - a scroll of fog
 d - a scroll of magic mapping
 e - a scroll of fear
Potions
 f - a potion of haste


   Skills:
 + Level 6.4 Fighting
 + Level 4.4 Short Blades
 + Level 0.0 Long Blades
 + Level 0.0 Axes
 + Level 0.0 Maces & Flails
 + Level 0.0 Polearms
 + Level 0.0 Staves
 + Level 0.0 Slings
 + Level 0.0 Bows
 + Level 0.0 Crossbows
 + Level 0.0 Throwing
 + Level 0.0 Armour
 + Level 4.4 Dodging
 + Level 9.5 Stealth
 + Level 0.0 Shields
 + Level 0.0 Unarmed Combat
 + Level 0.0 Spellcasting
 + Level 0.0 Conjurations
 + Level 0.0 Hexes
 + Level 0.0 Summonings
 + Level 0.0 Necromancy
 + Level 0.0 Translocations
 + Level 0.0 Transmutations
 + Level 0.0 Fire Magic
 + Level 0.0 Ice Magic
 + Level 0.0 Air Magic
 + Level 0.0 Earth Magic
 + Level 0.0 Poison Magic
 + Level 0.1 Invocations
 + Level 0.0 Evocations


You couldn't memorise any spells.
You didn't know any spells.
Your spell library was empty.

Dungeon Overview and Level Annotations

Branches:
Dungeon (5/15)
 Temple: D:4-7

Altars:
Yredelemnul


Innate Abilities, Weirdness & Mutations

Your experience applies equally to all skills.
You have very sharp teeth.
Your uncanny sense of smell can sniff out nearby items.


Message History

You feel sick. The worker ant barely misses you.
You hit the worker ant.
The worker ant is heavily wounded.
The worker ant bites you.
* * * LOW HITPOINT WARNING * * *
You are more poisoned.
The worker ant poisons you!
You hit the worker ant but do no damage.
The worker ant is heavily wounded.
* * * LOW HITPOINT WARNING * * *
You feel sick.
The worker ant bites you but does no damage.
You closely miss the worker ant. Your bite misses the worker ant.
The worker ant is heavily wounded.
The worker ant bites you but does no damage.
You hit the worker ant.
The worker ant is severely wounded.
* * * LOW HITPOINT WARNING * * *
You feel sick. The worker ant bites you.
You die...

...### .....## ##.....##
#.......# # #.......# .#
#......_# #.# ∆
##.....###..#
...#######..........#
.......@B.........##
.#########........#
##.....#.# #################
##...#..#
.......>........#########.##
###############....†......#
#############


You could see a worker ant.

Vanquished Creatures
  An orc (D:5)
1 creature vanquished.

Notes
Turn   | Place    | Note
-------+----------+-------------------------------------------
     0 | D:5      | Reached skill level 9 in Stealth
     0 | D:5      | DocClef the Gnoll Delver began the quest for the Orb.
     0 | D:5      | Reached XP level 1. HP: 23/23 MP: 1/1
    19 | D:5      | Noticed a worker ant
    35 | D:5      | Found a basalt altar of Yredelemnul.
    39 | D:5      | Noticed a hound
    65 | D:5      | Slain by a worker ant

Illustrated notes

Levels and vault maps discovered:
D:5:      layout_rooms, overflow_temple_1_default,
          nemelex_xobeh_ov_fountains_minmay, uniq_prince_ribbit1, uniq_edmund,
          uniq_ijyb

Skill      XL: | |
---------------+-+-----
Stealth        | |  9.5
Fighting       | |  6.4
Short Blades   | |  4.4
Dodging        | |  4.4
Invocations    | |  0.1

Action                   || total
-------------------------++-------
Melee: Dagger            ||    21
       Short sword       ||     2
       Bite              ||     2
Armor: Leather armour    ||     2
Dodge: Dodged            ||    13

Table legend: (Time is in decaauts)
 A = Elapsed time spent in this place.
 B = Non-inter-level travel time spent in this place.
 C = Inter-level travel time spent in this place.
 D = Time resting spent in this place.
 E = Time spent auto-exploring this place.
 F = Levels seen in this place.
 G = Mean time per level.
                   A        B        C        D        E       F      G
               +--------+--------+--------+--------+--------+-----+--------+
         Total |     60 |     60 |      0 |      0 |     16 |   1 |   60.0 |
       Dungeon |     60 |     60 |      0 |      0 |     16 |   1 |   60.0 |
               +--------+--------+--------+--------+--------+-----+--------+

Top non-repeatable levels by time:
     D:5: 60 daAuts
